 Dungeon Crawl Stone Soup version 0.30-a0-782-ge64f9170bb (webtiles) character file.

Game seed: 5147998046514066765

121 HoaS the Shooter (level 5, -10/30 HPs)
             Began as a Gargoyle Hunter on Mar 8, 2023.
             Killed by divine providence
             ... invoked by an orc priest
              (12 damage)
             ... on level 2 of the Dungeon.
             The game lasted 00:03:08 (1345 turns).

HoaS the Shooter (Gargoyle Hunter)                  Turns: 1345, Time: 00:03:08

Health: -10/30     AC:  9    Str: 14    XL:     5   Next: 5%
Magic:  5/5        EV: 11    Int: 10    God:
Gold:   147        SH:  0    Dex: 15    Spells: 4/4 levels left

rFire   . . .      SeeInvis .    a - +0 shortbow
rCold   . . .      Faith    .    (shield currently unavailable)
rNeg    + . .      Spirit   .    h - +2 leather armour of Monotheism {rPois Stlth+}
rPois   ∞          Reflect  .    (no helmet)
rElec   +          Harm     .    (no cloak)
rCorr   .          Rampage  .    (no gloves)
Will    .....                    (no boots)
Stlth   +++                      (no amulet)
HPRegen 0.25/turn                (no ring)
MPRegen 0.09/turn                (no ring)

@: no status effects
A: sickness immunity, AC +4, negative energy resistance 1, electricity
resistance, torment resistance 1, petrification resistance
a: no special abilities


You were on level 2 of the Dungeon.
You visited 1 branch of the dungeon, and saw 2 of its levels.

You collected 147 gold pieces.

Inventory:

Hand Weapons
 a - a +0 shortbow (weapon)
Armour
 h - the +2 leather armour of Monotheism (worn) {rPois Stlth+}
   (You found it on level 2 of the Dungeon)

   rPois:     It protects you from poison.
   Stlth:     It makes you more stealthy.
Scrolls
 b - a scroll of immolation
 f - 2 scrolls of identify


   Skills:
 - Level 2.1 Fighting
 + Level 6.2 Ranged Weapons
 - Level 1.5 Dodging
 - Level 1.1 Stealth


You had 4 spell levels left.
You didn't know any spells.
Your spell library contained the following spells:

 Spells                   Type           Power      Damage    Failure   Level
 Sandblast                Erth           0%         2d4       43%         1
 Passwall                 Tmut/Erth      0%         N/A       58%         2
 Stone Arrow              Conj/Erth      0%         3d7       82%         3


Dungeon Overview and Level Annotations

Branches:
Dungeon (2/15)

Altars:


Innate Abilities, Weirdness & Mutations

You are immune to sickness and miasma.
Your stone body is resilient. (AC +4)
You are immune to poison.
You resist negative energy. (rN+)
You are resistant to electric shocks. (rElec)
You are resistant to unholy torment.
You are immune to petrification.


Message History

You have reached level 5!
You feel better. The orc closely misses you.
You shoot an arrow.
The arrow hits the orc but does no damage.
You shoot an arrow. You shoot an arrow. You shoot an arrow.
The arrow hits the orc but does no damage.
An orc priest comes into view. It is wielding a +0 short sword.
Something hits you but does no damage. The orc hits you but does no damage.
The orc barely misses you. Something hits you.
The orc priest moves out of view.
You shoot an arrow. The arrow hits the orc.
The orc is moderately wounded.
Something hits you but does no damage. The orc hits you with a +0 dagger.
You shoot an arrow. The arrow hits the orc!
You kill the orc!
Something hits you but does no damage.
The orc priest hits you with a +0 short sword.
* * * LOW HITPOINT WARNING * * *
Something completely misses you.
Items here: )) [ †.
You shoot an arrow.
The arrow closely misses the orc priest.
Something hits you but does no damage.
The orc priest hits you but does no damage.
You shoot an arrow.
The arrow hits the orc priest but does no damage.
The orc priest barely misses you. Something hits you but does no damage.
You shoot an arrow.
The arrow closely misses the orc priest.
The orc priest closely misses you.
Something hits you but does no damage. x2
The orc priest hits you with a +0 short sword.
* * * LOW HITPOINT WARNING * * *
You shoot an arrow. The arrow hits the orc priest.
The orc priest is moderately wounded.
Something completely misses you.
The orc priest mumbles some strange prayers to Beogh against you.
Beogh smites you!
You die...

....# ....#
........# ....#
........# ....#
......?.# ....#
........# ....#
........## ....#
......... .######
......o.#
......##########@###
...............){..#
...................#
...................#
...................#
.####..............#
.....†.............#
#####..............#
#.....!........#


You could see an orc priest.

Vanquished Creatures
  An orc priest (D:2)
  An adder (D:2)
  3 gnolls (D:2)
  A dart slug (D:2)
  2 orcs (D:2)
  4 ball pythons
  6 endoplasms
  6 goblins
  7 hobgoblins
  2 quokkas
  7 bats
  2 frilled lizards
  4 kobolds
  3 rats
49 creatures vanquished.

Notes
Turn   | Place    | Note
-------+----------+-------------------------------------------
     0 | D:1      | HoaS the Gargoyle Hunter began the quest for the Orb.
     0 | D:1      | Reached XP level 1. HP: 12/12 MP: 1/1
   183 | D:1      | Reached XP level 2. HP: 17/17 MP: 2/2
   376 | D:1      | Reached XP level 3. HP: 21/21 MP: 3/3
   464 | D:1      | Reached skill level 5 in Ranged Weapons
   481 | D:1      | Found a faded altar of an unknown god.
  1230 | D:2      | Reached XP level 4. HP: 26/26 MP: 4/4
  1290 | D:2      | Identified the +2 leather armour of Monotheism {rPois
                  | Stlth+}
  1334 | D:2      | Reached skill level 6 in Ranged Weapons
  1334 | D:2      | Reached XP level 5. HP: 5/30 MP: 5/5
  1345 | D:2      | Killed from afar by an orc priest

Illustrated notes

Levels and vault maps discovered:
D:1:      dpeg_arrival_castle, layout_basic,
          dreamdust_ecumenical_altar_angels_and_demons, minmay_hexomino_f4
D:2:      layout_basic

Skill      XL: |  1  2  3  4 |
---------------+-------------+-----
Ranged Weapons | 5 6 |  6.2
Fighting       | |  2.1
Dodging        | |  1.5
Stealth        | |  1.1

Action                     |  1- 3 |  4- 6 || total
---------------------------+-------+-------++-------
   Fire: Shortbow          |    99 |    40 ||   139
    Use: Scroll            |     2 |     3 ||     5
         Potion            |       |     1 ||     1
 Armour: Leather armour    |     8 |    17 ||    25
  Dodge: Dodged            |    19 |    19 ||    38

Table legend: (Time is in decaauts)
 A = Elapsed time spent in this place.
 B = Non-inter-level travel time spent in this place.
 C = Inter-level travel time spent in this place.
 D = Time resting spent in this place.
 E = Time spent auto-exploring this place.
 F = Levels seen in this place.
 G = Mean time per level.
                   A        B        C        D        E       F      G
               +--------+--------+--------+--------+--------+-----+--------+
         Total |   1386 |   1343 |     43 |      7 |   1045 |   2 |  693.0 |
       Dungeon |   1386 |   1343 |     43 |      7 |   1045 |   2 |  693.0 |
               +--------+--------+--------+--------+--------+-----+--------+

Top non-repeatable levels by time:
     D:1: 1044 daAuts
     D:2: 342 daAuts
